 Dungeon Crawl Stone Soup version 0.29-a0-473-gacb4ef3bc5 (webtiles) character file.

Game seed: 2264257433658640163

54091 Bruhh the Martial Artist (level 14, -4/141 HPs)
             Began as a Grey Draconian Transmuter on May 23, 2022.
             Was a High Priest of Hepliaklqana.
             Slain by an orc warrior
             ... wielding a +0 glaive
              (18 damage)
             ... on level 2 of the Orcish Mines.
             The game lasted 00:37:56 (24594 turns).

Bruhh the Martial Artist (DrTm)                    Turns: 24594, Time: 00:37:57

Health: -4/141     AC: 27    Str: 16    XL:     14   Next: 33%
Magic:  26/26      EV: 12    Int: 17    God:    Hepliaklqana [*****.]
Gold:   796        SH:  0    Dex: 13    Spells: 13/29 levels left

rFire   . . .      SeeInvis .     - Unarmed
rCold   . . .      Faith    .   (no shield)
rNeg    + . .      Spirit   .   (body armour unavailable)
rPois   ∞          Reflect  .   i - +2 hat
rElec   +          Harm     .   (no cloak)
rCorr   .          Rampage  .   (gloves currently unavailable)
Will    +....                   (boots currently unavailable)
Stlth   +.........              E - amulet of the acrobat
HPRegen 0.33/turn               (no ring)
MPRegen 0.20/turn               e - ring of Jisah {Contam Fly rElec Str+3}

@: statue-form (expiring), flying, very slow
A: slow and powerful, torment resistance 1, boosted hp, reduced essence, AC +13,
amphibious, unfitting armour, cold-blooded
a: End Transformation, Renounce Religion, Recall Ancestor, Ancestor Identity,
Transference, Idealise


You were on level 2 of the Orcish Mines.
You worshipped Hepliaklqana.
Hepliaklqana was extremely pleased with you.
You were a living statue of rough stone.
You visited 4 branches of the dungeon, and saw 18 of its levels.
You also visited: Sewer.

You collected 1264 gold pieces.
You spent 468 gold pieces at shops.

Inventory:

Missiles
 L - 6 throwing nets
Armour
 i - a +2 hat (worn)
Jewellery
 d - a +4 ring of evasion
 e - the ring of Jisah (right fist) {Contam Fly rElec Str+3}
   (You acquired it on level 2 of the Dungeon)

   [ring of flight]

   Str:       It affects your strength (+3).
   rElec:     It insulates you from electricity.
   Fly:       It grants you flight.
   Contam:    It causes magical contamination when unequipped.
 f - a ring of positive energy
 t - a ring of resist corrosion
 A - a +6 ring of strength
 B - a ring of flight
 E - an amulet of the acrobat (around neck)
 F - a ring of protection from cold
 G - a +6 ring of strength
 K - a ring of wizardry
 N - the ring of Vehumet's Supremacy {Wiz Stlth+}
   (You found it on level 9 of the Dungeon)

   [ring of wizardry]

   It improves your spell success rate.
   Stlth:     It makes you more stealthy.
 T - a ring of positive energy
Wands
 y - a wand of acid (4)
 z - a wand of iceblast (12)
 D - a wand of digging (9)
 I - a wand of paralysis (12)
 M - a wand of flame (17)
Scrolls
 h - 4 scrolls of amnesia
 j - 2 scrolls of enchant weapon
 k - 3 scrolls of teleportation
 o - 4 scrolls of poison
 p - 2 scrolls of immolation
 q - 3 scrolls of torment
 r - a scroll of summoning
 u - 4 scrolls of noise
 w - 6 scrolls of magic mapping
 x - a scroll of silence
 C - 2 scrolls of fog
 Q - a scroll of brand weapon {unknown}
 R - a scroll of vulnerability {unknown}
Potions
 a - 3 potions of lignification
 b - 5 potions of flight
 c - 3 potions of degeneration
 g - 6 potions of curing
 m - 2 potions of magic
 n - 5 potions of haste
 s - 6 potions of mutation
 v - 2 potions of attraction
 H - 2 potions of might
 J - 3 potions of berserk rage
 O - a potion of resistance
 P - 2 potions of invisibility {unknown}
Miscellaneous
 l - a phial of floods


   Skills:
 + Level 10.4 Fighting
 - Level 1.7 Dodging
 + Level 13.9 Unarmed Combat
 - Level 8.0 Spellcasting
 - Level 12.0 Transmutations
 - Level 12.0 Earth Magic
 + Level 9.9 Invocations


You had 13 spell levels left.
You knew the following spells:

 Your Spells              Type           Power      Damage    Failure   Level
a - Beastly Appendage     Tmut           94%        N/A       1%          1
b - Wereblood             Tmut           47%        N/A       1%          2
c - Spider Form           Tmut/Pois      27%        N/A       2%          3
d - Statue Form           Tmut/Erth      31%        N/A       12%         6
e - Ice Form              Ice/Tmut       27%        N/A       9%          4

Your spell library contained the following spells:

 Spells                   Type           Power      Damage    Failure   Level
 Blade Hands              Tmut           23%        N/A       1%          5
 Lee's Rapid Deconstruct  Erth           23%        3d14*     1%          5
 Ignite Poison            Fire/Tmut/Pois 20%        N/A       6%          3
 Leda's Liquefaction      Hex/Erth       13%        N/A       9%          4
 Foxfire                  Conj/Fire      24%        2x1d5     11%         1
 Blink                    Tloc           12%        N/A       16%         2
 Sublimation of Blood     Necr           6%         N/A       16%         2
 Yara's Violent Unravell  Hex/Tmut       13%        3d7       24%         5
 Confusing Touch          Hex            6%         N/A       30%         3
 Conjure Flame            Conj/Fire      6%         6-21      30%         3
 Inner Flame              Hex/Fire       6%         N/A       30%         3
 Portal Projectile        Hex/Tloc       12%        N/A       30%         3
 Tukima's Dance           Hex            6%         N/A       30%         3
 Animate Dead             Necr           6%         N/A       71%         4
 Flame Wave               Conj/Fire      6%         2d5       71%         4
 Sticky Flame             Conj/Fire      6%         2d3       71%         4
 Manifold Assault         Tloc           6%         N/A       96%         5
 Enfeeble                 Hex            3%         N/A       100%        7
 Haunt                    Necr/Summ      3%         N/A       100%        7
 Storm Form               Tmut/Air       13%        N/A       100%        7
 Summon Hydra             Summ           3%         N/A       100%        7
 Infestation              Necr           3%         N/A       100%        8


Dungeon Overview and Level Annotations

Branches:
Dungeon (9/15)             Temple (1/1) D:6            Lair (6/6) D:8
 Shoals (0/4) Lair:2        Snake (0/4) Lair:3        Slime (0/5) Lair:5
    Orc (2/2) D:9             Elf (0/3) Orc:2         Sewer (visited)

Altars:
Ashenzari
Cheibriados
Dithmenos
Elyvilon
Fedhas
Gozag
Hepliaklqana
Kikubaaqudgha
Makhleb
Nemelex Xobeh
Okawaru
Qazlal
Ru
Sif Muna
Trog
Uskayaw
Vehumet
Wu Jian
Xom
Yredelemnul
Zin
The Shining One
Beogh
Jiyva
Lugonu

Shops:
D:8 :*   Orc:1 [   Orc:2 :

Portals:
Abyss: Lair:6

Annotations:
D:3 1 runed translucent door, Crazy Yiuf
Lair:6 1 runed translucent door, Bruhh's ghost, journeyman OgTm


Innate Abilities, Weirdness & Mutations

You are a living statue of rough stone.
Your actions are slow, but your melee attacks are powerful.
You are resistant to unholy torment.
Your maximum health is greatly increased.
You are immune to poison.
Your equipment is partially melded.
Your life essence is reduced to manifest your ancestor. (-10% HP)
((Your dull iron-grey scales are very hard. (AC +13)))
You are amphibious.
You cannot fit into any form of body armour.
You are cold-blooded and may be slowed by cold attacks.


Message History

The orc warrior hits you with a +0 war axe!
Unknown command.
You barely miss the orc warrior.
Your transformation is almost over.
The orc warrior no longer looks unusually strong.
Bianca closely misses the orc warrior.
The orc warrior misses you.
The orc warrior hits you with a +0 dire flail.
The orc warrior hits you with a +0 glaive!
The orc warrior closely misses you.
You swap places.
Bianca hits the orc warrior with a +0 flail!
The orc warrior throws a boomerang.
The boomerang misses you. The orc warrior completely misses you.
The orc warrior throws a boomerang.
The boomerang hits you!
Bianca blocks the orc warrior's attack.
Bianca hits the orc warrior with a +0 flail!
The orc warrior hits you but does no damage.
The orc warrior completely misses you.
The orc warrior hits you from afar with a +0 glaive!
* * * LOW HITPOINT WARNING * * *
The orc warrior hits Bianca with a +0 war axe.
The orc warrior no longer looks unusually strong.
Bianca hits the orc warrior but does no damage.
The orc warrior throws a boomerang.
The boomerang completely misses you.
The orc warrior throws a boomerang.
The boomerang closely misses you.
Things that are here:
a +0 battleaxe; a +0 plate armour; an orc corpse The orc warrior attacks as you move away!
The orc warrior completely misses you.
An orc comes into view.
It is wielding a +0 flail of protection.
The orc warrior hits Bianca with a +0 war axe.
Bianca hits the orc warrior with a +0 flail!
The orc warrior barely misses you.
The orc warrior hits you from afar with a +0 glaive!!
* * * LOW HITPOINT WARNING * * *
Bianca blocks the orc warrior's attack.
Bianca suddenly stops moving!
There is a stone staircase leading up here.
The orc warrior no longer looks unusually strong.
The orc warrior hits you from afar with a +0 glaive!!
You die...

...............$.. .
o.............$.......
.o............#^......
.............#.#.#.P..
#.................P..
#$.....#.....)....P.
##.....)).#.o).....P8
o#....)..))o.Ro....P..
......[[)))8)o........
....#...[)o)..........
.....#...)............
#...................#.
##....................
##...o............P..
......#......[.P.P..
##...###.....P.......P...#
...............


You could see the friendly Bianca the knight (paralysed), 5 orc warriors and an
orc.

Vanquished Creatures
  An orc warlord (D:9)
  Snorg (Lair:5)
  An ettin (Orc:2)
  A hydra (D:8)
  2 thrashing horrors (Lair:6)
  4 orc knights
  A lindwurm (Lair:3)
  Pikel (D:5)
  An orc sorcerer (Orc:1)
  A cyclops (Orc:1)
  9 elephants (Lair:6)
  A torpor snail (Lair:5)
  2 smoke demons (Lair:6)
  5 black mambas
  10 cane toads
  6 komodo dragons
  Maggie (D:7)
  2 rime drakes (Lair:6)
  An ancient zyme (Lair:6)
  6 trolls
  A hornet (D:7)
  13 blink frogs
  4 polar bears
  2 dream sheep (Lair:5)
  Prince Ribbit (D:7)
  A spriggan (Lair:6)
  A wraith (D:8)
  6 wyverns
  3 ynoxinuls (Lair:6)
  42 yaks
  3 basilisks
  2 large abominations (Lair:6)
  2 steam dragons
  A chaos spawn (Lair:6)
  3 wargs (Orc:1)
  2 nagas (Lair:3)
  15 water moccasins
  18 orc warriors
  A black bear (Lair:4)
  An ice beast (D:6)
  15 wolves
  7 ogres
  3 centaurs
  Blork the orc (D:6)
  2 kobold brigands
  A gnoll sergeant (D:8)
  3 scorpions (D:8)
  12 bullfrogs
  A necrophage (D:6)
  A cane toad simulacrum (Lair:5)
  12 small abominations (Lair:6)
  A wight (D:9)
  2 killer bees (D:9)
  An elephant simulacrum (Lair:5)
  2 electric eels (Lair:2)
  A howler monkey (D:6)
  A jelly (D:5)
  3 hounds
  10 orc priests
  A gnoll shaman (Lair:1)
  Natasha (twice) (D:2)
  4 iguanas
  6 orc wizards
  A wolf simulacrum (Lair:5)
  Robin (D:2)
  11 adders
  8 gnolls
  5 river rats
  2 white imps
  2 ufetubi (D:6)
  7 worms
  2 dart slugs
  38 orcs
  6 endoplasms
  10 giant cockroaches
  19 goblins
  8 hobgoblins
  12 jackals
  12 kobolds
  5 quokkas
  9 ball pythons
  12 bats
  11 frilled lizards
  14 rats
466 creatures vanquished.

Vanquished Creatures (collateral kills)
  Gastronok (Lair:2)
  2 hydras
  A boulder beetle (Lair:6)
  A thrashing horror (Lair:6)
  A lindwurm (Lair:3)
  2 ugly things (Lair:6)
  An elephant (Lair:6)
  2 black mambas
  2 cane toads (Lair:6)
  2 komodo dragons (Lair:6)
  A troll (shapeshifter) (Lair:6)
  A hornet (Lair:5)
  A polar bear (Lair:5)
  A dream sheep (Lair:5)
  3 blink frogs
  A snapping turtle (Lair:2)
  2 wyverns
  A spriggan (Lair:6)
  A basilisk (Lair:6)
  9 yaks
  A water moccasin (Lair:4)
  6 orc warriors
  A black bear (D:8)
  2 ogres
  2 wolves
  A centaur (shapeshifter) (Lair:6)
  A centaur (D:9)
  3 bullfrogs
  A scorpion (D:8)
  3 wights (D:9)
  2 killer bees (D:9)
  An elephant simulacrum (Lair:5)
  2 electric eels (Lair:2)
  A gnoll shaman (D:9)
  An orc priest (D:8)
  2 orc wizards
  A wolf simulacrum (Lair:5)
  4 gnolls (D:9)
  17 orcs
  2 goblins (D:8)
  A bush (Lair:5)
91 creatures vanquished.

Vanquished Creatures (others)
  3 knights
  2 ancestors (D:8)
  113 fungi
  108 plants
226 creatures vanquished.

Grand Total: 783 creatures vanquished

Notes
Turn   | Place    | Note
-------+----------+-------------------------------------------
     0 | D:1      | Bruhh the Draconian Transmuter began the quest for the Orb.
     0 | D:1      | Reached XP level 1. HP: 16/16 MP: 3/3
   400 | D:1      | Reached XP level 2. HP: 21/23 MP: 3/5
   938 | D:1      | Found a faded altar of an unknown god.
  1091 | D:1      | Reached XP level 3. HP: 29/29 MP: 4/6
  1956 | D:2      | Noticed Robin
  1958 | D:2      | Identified a scroll of acquirement
  2055 | D:1      | Learned a level 2 spell: Wereblood
  2134 | D:2      | Reached XP level 4. HP: 29/37 MP: 5/7
  2270 | D:2      | Noticed Natasha
  2278 | D:2      | Killed Natasha
  2357 | D:2      | Noticed Natasha
  2365 | D:2      | Killed Natasha
  2366 | D:2      | Reached XP level 5. HP: 25/44 MP: 9/9
  2602 | D:2      | Reached skill level 4 in Unarmed Combat
  2604 | D:2      | Killed Robin
  3067 | D:3      | Found a glowing drain.
  3092 | Sewer    | Entered a sewer
  3363 | Sewer    | Acquired the ring of Jisah {Contam Fly rElec Str+3}
  3427 | Sewer    | Learned a level 3 spell: Spider Form
  3482 | Sewer    | Reached XP level 6. HP: 51/51 MP: 9/11
  4307 | D:3      | Found a runed translucent door.
  4308 | D:3      | Noticed Crazy Yiuf
  4965 | D:4      | Reached skill level 5 in Unarmed Combat
  5466 | D:5      | Entered Level 5 of the Dungeon
  5649 | D:5      | Your scales start taking on a dull iron-grey colour.
  5649 | D:5      | Reached XP level 7. HP: 55/60 MP: 13/13
  5861 | D:5      | Noticed Pikel
  5878 | D:5      | Killed Pikel
  5879 | D:5      | Reached skill level 5 in Fighting
  6018 | D:5      | Reached skill level 6 in Unarmed Combat
  6018 | D:5      | Reached skill level 5 in Spellcasting
  6638 | D:6      | Reached XP level 8. HP: 17/70 MP: 6/15
  6927 | D:6      | Found a staircase to the Ecumenical Temple.
  6986 | Temple   | Entered the Ecumenical Temple
  7434 | Temple   | Became a worshipper of Hepliaklqana the Forgotten
  7524 | D:6      | Found a shadowy altar of Dithmenos.
  7530 | D:6      | Found a glowing silver altar of Zin.
  7535 | D:6      | Found a shimmering blue altar of Sif Muna.
  7539 | D:6      | Reached skill level 7 in Unarmed Combat
  8086 | D:6      | Noticed Blork the orc
  8100 | D:6      | Killed Blork the orc
  8574 | D:7      | Noticed a hornet
  8639 | D:7      | Reached skill level 8 in Unarmed Combat
  8639 | D:7      | Reached XP level 9. HP: 79/81 MP: 16/16
  8702 | D:7      | You are sucked into a shaft and drop 1 floor!
  8723 | D:8      | Reached * piety under Hepliaklqana
  8894 | D:8      | Found a sacrificial altar of Ru.
  9007 | D:7      | Noticed Maggie
  9027 | D:7      | Killed Maggie
  9184 | D:7      | Noticed Prince Ribbit
  9195 | D:7      | Killed Prince Ribbit
  9196 | D:7      | Reached skill level 9 in Unarmed Combat
  9793 | D:8      | Noticed a four-headed hydra
  9810 | D:8      | Reached skill level 10 in Fighting
 10219 | D:8      | Found a staircase to the Lair.
 10230 | D:8      | Reached skill level 10 in Unarmed Combat
 10235 | D:8      | Killed a four-headed hydra
 10236 | D:8      | Reached XP level 10. HP: 81/83 MP: 14/17
 10477 | D:8      | Reached ** piety under Hepliaklqana
 10478 | D:8      | Remembered your ancestor Bianca as a knight
 10484 | D:8      | Found Acuffemn's General Store.
 10689 | D:8      | Reached skill level 5 in Transmutations
 10944 | D:8      | Found Gefugrif's Book Boutique.
 10947 | D:8      | Bought a book of the Earth for 468 gold pieces
 10954 | D:8      | Learned a level 6 spell: Statue Form
 11027 | D:9      | Noticed a manticore
 11027 | D:9      | Noticed a centaur warrior
 11100 | D:9      | Reached skill level 1 in Earth Magic
 11105 | D:9      | Learned a level 4 spell: Ice Form
 11750 | D:9      | Reached skill level 5 in Earth Magic
 11764 | D:9      | Identified the ring of Vehumet's Supremacy {Wiz Stlth+}
 11918 | D:9      | Found a staircase to the Orcish Mines.
 12282 | Lair:1   | Entered Level 1 of the Lair of Beasts
 12294 | Lair:1   | Noticed a black mamba
 12304 | Lair:1   | Killed a black mamba
 12440 | Lair:1   | Reached *** piety under Hepliaklqana
 12631 | Lair:1   | Noticed a black mamba
 12638 | Lair:1   | Killed a black mamba
 12639 | Lair:1   | Reached XP level 11. HP: 72/89 MP: 14/18
 13764 | Lair:2   | Found a staircase to the Shoals.
 13918 | Lair:2   | Noticed Gastronok
 13935 | Lair:2   | Killed Gastronok
 13936 | Lair:2   | Reached skill level 10 in Transmutations
 14276 | Lair:2   | Reached **** piety under Hepliaklqana
 14922 | Lair:3   | Noticed a lindwurm
 14922 | Lair:3   | Noticed a lindwurm
 15172 | Lair:3   | Found a staircase to the Snake Pit.
 15258 | Lair:3   | Killed a lindwurm
 15593 | Lair:3   | Reached XP level 12. HP: 95/95 MP: 16/19
 15937 | Lair:3   | Reached skill level 10 in Earth Magic
 16029 | Lair:3   | Reached ***** piety under Hepliaklqana
 16940 | Lair:4   | Noticed a four-headed hydra
 16947 | Lair:4   | Killed a four-headed hydra
 18191 | Lair:5   | Noticed Snorg
 18197 | Lair:5   | Killed Snorg
 18220 | Lair:5   | Noticed an eight-headed hydra
 18224 | Lair:5   | Killed an eight-headed hydra
 18516 | Lair:5   | Found a viscous altar of Jiyva.
 18516 | Lair:5   | Found a staircase to the Slime Pits.
 18566 | Lair:5   | Found a basalt altar of Yredelemnul.
 18604 | Lair:5   | Reached skill level 1 in Invocations
 18705 | Lair:5   | Found a frozen archway.
 18751 | Lair:5   | Reached skill level 11 in Unarmed Combat
 18751 | Lair:5   | Reached XP level 13. HP: 42/101 MP: 18/24
 19501 | Lair:6   | Entered Level 6 of the Lair of Beasts
 19827 | Lair:6   | Reached skill level 5 in Invocations
 19861 | Lair:6   | HP: 2/101 [yak (11)]
 19869 | Lair:6   | Reached skill level 12 in Unarmed Combat
 20316 | Lair:6   | Identified the +10 flail of Ogyhaj {vamp, Int+3}
 20419 | Lair:6   | Found a corrupted altar of Lugonu.
 20419 | Lair:6   | Found a one-way gate to the infinite horrors of the Abyss.
 20803 | Lair:6   | Reached skill level 13 in Unarmed Combat
 21066 | Lair:6   | Found a runed translucent door.
 21073 | Lair:6   | Noticed Bruhh's ghost (journeyman OgTm)
 21480 | Lair:6   | Reached XP level 14. HP: 108/108 MP: 20/26
 21887 | Orc:1    | Entered Level 1 of the Orcish Mines
 22002 | Orc:1    | Found Dumuffog's Antique Armour Boutique.
 22012 | Orc:1    | Noticed an orc warlord
 22207 | D:9      | Killed an orc warlord
 23362 | Orc:2    | Entered Level 2 of the Orcish Mines
 23362 | Orc:2    | Found a staircase to the Elven Halls.
 23811 | Orc:2    | Found Vymneh's Book Boutique.
 24594 | Orc:2    | Slain by an orc warrior

Illustrated notes

Levels and vault maps discovered:
D:1:      dpeg_arrival_subterranean_lakeside_camping, layout_basic,
          basic_ecumenical_altar, minmay_misc_feat_chi, minmay_bisected
D:2:      minmay_skewed_foursquare, layout_basic, corexii_leaking_fountain,
          uniq_robin, uniq_natasha
D:3:      layout_rooms, gup_sewer_entry_bubbles, minmay_misc_feat_doors,
          minmay_distorted, uniq_crazy_yiuf_cottage
D:4:      layout_basic
D:5:      layout_basic, uniq_pikel
D:6:      layout_loops_corners, grunt_temple_overflow_diamond,
          minmay_temple_entry_large_hall, uniq_blork_the_orc
D:7:      layout_loops_cross, uniq_maggie, uniq_prince_ribbit1
D:8:      layout_loops_ring, nicolae_ru_great_annihilating_truth,
          due_lair_maze_entry_diamond, serial_shops, nicolae_square_shop,
          kennysheep_mini, enter_bailey_3, st_stairs_6,
          nicolae_concentric_dashed_squares_mild, kennysheep_nub
D:9:      layout_loops_corners, orc_0_dummy, lightli_corner_chamber
Temple:   dpeg_five_rooms_temple
Lair:1:   layout_long_grid, dreamdust_gnoll_shepherd, grunt_megastairs_4
Lair:2:   layout_misc_corridors, minmay_shoals_entry_hut, lemuel_fruit_tree,
          infiniplex_staircase_pool_2, serial_bayou_shore_a, grunt_megastairs_1,
          uniq_gastronok
Lair:3:   layout_layer_cave, minmay_snake_entry_guardpost_small,
          nicolae_lair_lindhole
Lair:4:   layout_gridlike
Lair:5:   layout_loops_ring, slime_altar_1, portal_ice_cave_entry_ice_simulacra,
          basic_altar, beast_lair_carwin_8, uniq_snorg
Lair:6:   hellmonk_lair_end_abyssal_woods, layout_cave_pods,
          hellmonk_ghost_happy_afterlife
Orc:1:    layout_caves, basic_altar, serial_shops, shop
Orc:2:    grunt_orc_gardens, layout_caves, grunt_orc_garden, grunt_orc_garden,
          grunt_orc_garden, grunt_orc_garden

Skill      XL: |  1  2  3  4  5  6  7  8  9 10 11 12 13 14 |
---------------+-------------------------------------------+-----
Fighting       | 2 3 4 5 8 10 | 10.4
Transmutations | 3 4 7 10 12 | 12.0
Spellcasting   | 3 4 5 7 8 |  8.0
Unarmed Combat | 4 5 6 8 10 11 13 | 13.9
Earth Magic    | 6 9 12 | 12.0
Invocations    | 1 8 9 |  9.9
Dodging        | |  1.7

Action                   |  1- 3 |  4- 6 |  7- 9 | 10-12 | 13-15 || total
-------------------------+-------+-------+-------+-------+-------++-------
Melee: Unarmed           |   129 |   320 |   205 |   405 |   316 ||  1375
       Kick              |    17 |    48 |    31 |    17 |       ||   113
       Tailslap          |    14 |    42 |    13 |    53 |    60 ||   182
       Headbutt          |    11 |    25 |    23 |    13 |       ||    72
       Punch             |     2 |     7 |     2 |    21 |    28 ||    60
 Cast: Beastly Appendage |    37 |    45 |    31 |    14 |       ||   127
       Wereblood         |     1 |     6 |     2 |     3 |     6 ||    18
       Spider Form       |       |     1 |    10 |     4 |       ||    15
       Ice Form          |       |       |       |    24 |       ||    24
       Statue Form       |       |       |       |    13 |    36 ||    49
Invok: Ancestor Identity |       |       |       |     2 |       ||     2
       Recall Ancestor   |       |       |       |     2 |       ||     2
       Ancestor Life: Kn |       |       |       |     1 |       ||     1
Evoke: Wand              |       |       |     4 |     5 |     5 ||    14
  Use: Scroll            |     2 |     1 |     7 |    11 |     4 ||    25
       Potion            |       |     1 |     3 |       |     3 ||     7
 Stab: Sleeping          |     1 |       |     1 |       |       ||     2
       Paralysed         |       |       |     1 |       |       ||     1
       Distracted        |       |       |       |     6 |     4 ||    10
Armor: Skin              |    33 |    80 |    49 |   184 |   259 ||   605
Dodge: Dodged            |   114 |   251 |   170 |   372 |   435 ||  1342

Table legend: (Time is in decaauts)
 A = Elapsed time spent in this place.
 B = Non-inter-level travel time spent in this place.
 C = Inter-level travel time spent in this place.
 D = Time resting spent in this place.
 E = Time spent auto-exploring this place.
 F = Levels seen in this place.
 G = Mean time per level.
                   A        B        C        D        E       F      G
               +--------+--------+--------+--------+--------+-----+--------+
         Total |  25449 |  24547 |    902 |   1957 |  18634 |  19 | 1339.4 |
       Dungeon |  11978 |  11503 |    475 |   1062 |   8660 |   9 | 1330.9 |
        Temple |    483 |    393 |     90 |      0 |    380 |   1 |  483.0 |
          Lair |  10206 |   9911 |    295 |      0 |   8487 |   6 | 1701.0 |
  Orcish Mines |   2014 |   1973 |     41 |    895 |    598 |   2 | 1007.0 |
         Sewer |    766 |    766 |      0 |      0 |    508 |   1 |  766.0 |
               +--------+--------+--------+--------+--------+-----+--------+

Top non-repeatable levels by time:
  Lair:6: 2607 daAuts
     D:9: 2172 daAuts
  Lair:3: 2104 daAuts
   Orc:1: 1915 daAuts
     D:6: 1598 daAuts
  Lair:5: 1491 daAuts
     D:1: 1393 daAuts
     D:2: 1352 daAuts
  Lair:4: 1351 daAuts
  Lair:1: 1340 daAuts
  Lair:2: 1310 daAuts
     D:8: 1242 daAuts
     D:7: 1187 daAuts
     D:5: 1055 daAuts
     D:4: 1041 daAuts
